 Dungeon Crawl Stone Soup version 0.31-a0-202-g547052bce9 (webtiles) character file.

Game seed: 8469950834114816413

15715 ders the Destroyer (level 12, -3/59 HPs)
             Began as a Gargoyle Earth Elementalist on June 26, 2023.
             Was a Believer of Vehumet.
             Slain by a wolf (7 damage)
             ... on level 3 of the Lair of Beasts.
             The game lasted 00:18:10 (15631 turns).

ders the Destroyer (Gargoyle Earth Elementalist)   Turns: 15631, Time: 00:18:11

Health: -3/59      AC:  6    Str: 18    XL:     12   Next: 29%
Magic:  23/24      EV: 11    Int: 30    God:    Vehumet [**....]
Gold:   921        SH:  0    Dex:  6    Spells: 18/28 levels left

rFire   . . .        d - staff of earth
rCold   . . .        (no shield)
rNeg    + . .        a - +0 robe
rPois   ∞            t - +0 helmet "Sassiwna" {+Blink Str+6 Int+3 Dex-4}
rElec   +            o - +0 cloak
rCorr   .            j - +0 pair of gloves
SInv    .            y - +0 pair of boots
Will    .....        (no amulet)
Stlth   +            g - +6 ring of intelligence
HPRegen 0.29/turn    w - ring of wizardry
MPRegen 0.19/turn

%: wizardry (x1)
@: corroded, hasted, invisible, very quick
A: sickness immunity, AC +8, negative energy resistance 1, electricity
resistance, torment resistance 1, petrification resistance
a: Renounce Religion, Evoke Blink


You were on level 3 of the Lair of Beasts.
You worshipped Vehumet.
Vehumet was pleased with you.
You visited 3 branches of the dungeon, and saw 15 of its levels.
You also visited: Sewer.

You collected 921 gold pieces.

Inventory:

Missiles
 B - 2 throwing nets
Armour
 a - a +0 robe (worn)
 j - a +0 pair of gloves (worn)
 k - a +1 helmet
 o - a +0 cloak (worn)
 t - the +0 helmet "Sassiwna" (worn) {+Blink Str+6 Int+3 Dex-4}
   (You acquired it on level 4 of the Dungeon)

   Str:       It affects your strength (+6).
   Int:       It affects your intelligence (+3).
   Dex:       It affects your dexterity (-4).
   +Blink:    It lets you blink.
 y - a +0 pair of boots (worn)
Magical Staves
 d - a staff of earth (weapon)
 u - a staff of conjuration
Jewellery
 g - a +6 ring of intelligence (left hand)
 w - a ring of wizardry (right hand)
 E - an amulet of guardian spirit
 K - a ring of ice
 L - an amulet of reflection
 M - a ring of resist corrosion
Wands
 h - a wand of acid (4)
 n - a wand of iceblast (22)
 q - a wand of flame (46)
 J - a wand of digging (6)
Scrolls
 b - 2 scrolls of noise {unknown}
 c - 2 scrolls of amnesia
 l - a scroll of enchant armour
 s - 7 scrolls of identify
 F - a scroll of enchant weapon
Potions
 f - a potion of ambrosia
 i - 3 potions of enlightenment
 m - 2 potions of mutation
 x - 2 potions of brilliance
 A - 2 potions of degeneration
 D - a potion of attraction {unknown}
 G - a potion of lignification {unknown}
 I - a potion of might {unknown}


   Skills:
 - Level 1.5 Dodging
 - Level 2.1 Stealth
 + Level 8.5 Spellcasting
 * Level 13.7 Conjurations
 - Level 0.7 Transmutations
 + Level 11.3 Earth Magic
 + Level 7.7 Evocations


You had 18 spell levels left.
You knew the following spells:

 Your Spells              Type           Power      Damage    Failure   Level
a - Sandblast             Erth           100%       2d20      1%          1
b - Stone Arrow           Conj/Erth      100%       3d13      1%          3
c - Swiftness             Air            12%        N/A       4%          3
d - Hailstorm             Conj/Ice       52%        3d12      1%          3

Your spell library contained the following spells:

 Spells                   Type           Power      Damage    Failure   Level
 Dazzling Flash           Conj/Hex       100%       N/A       1%          3
 Beastly Appendage        Tmut           34%        N/A       1%          1
 Freeze                   Ice            48%        1d6       1%          1
 Slow                     Hex            48%        N/A       1%          1
 Passwall                 Tmut/Erth      54%        N/A       1%          2
 Wereblood                Tmut           17%        N/A       1%          2
 Petrify                  Tmut/Erth      65%        N/A       1%          4
 Ensorcelled Hibernation  Hex/Ice        24%        N/A       2%          2
 Lesser Beckoning         Tloc           24%        N/A       2%          2
 Arcjolt                  Conj/Air       26%        1d36      2%          5
 Confusing Touch          Hex            12%        N/A       4%          3
 Frozen Ramparts          Ice            24%        1d4       4%          3
 Gell's Gravitas          Tloc           12%        N/A       4%          3
 Ignite Poison            Fire/Tmut/Pois 14%        N/A       4%          3
 Spider Form              Tmut/Pois      14%        N/A       4%          3
 Teleport Other           Tloc           12%        N/A       4%          3
 Vampiric Draining        Necr           12%        2d6       4%          3
 Vhi's Electric Charge    Tloc/Air       24%        N/A       4%          3
 Freezing Cloud           Conj/Ice/Air   20%        6-21      7%          5
 Manifold Assault         Tloc           12%        N/A       16%         4
 Dispersal                Tloc           6%         N/A       91%         6
 Disjunction              Tloc           6%         N/A       100%        8
 Maxwell's Capacitive Co  Air            6%         ∞         100%        8
 Cigotuvi's Dreadful Rot  Necr/Pois/Air  Unusable   N/A       N/A         2

Dungeon Overview and Level Annotations

Branches:
Dungeon (11/15)            Temple (1/1) D:7            Lair (3/5) D:11
 Shoals (0/4) Lair:3        Snake (0/4) Lair:2        Sewer (visited)
    Orc: D:9-12

Altars:
Ashenzari
Cheibriados
Dithmenos
Elyvilon
Fedhas
Gozag
Hepliaklqana
Kikubaaqudgha
Makhleb
Nemelex Xobeh
Okawaru
Qazlal
Ru
Sif Muna
Trog
Uskayaw
Vehumet
Wu Jian
Xom
Yredelemnul
Zin
The Shining One

Shops:
D:2 [   D:7 ?   D:9 [

Portals:
Trove: D:11 (give 7 scrolls of fear)

Annotations:
D:5 1 runed translucent door, Smol's ghost, novice OpFi
Lair:2 3 runed translucent doors, cforsyth's ghost, adept OgFE
Lair:3 exclusion: oklob plant


Innate Abilities, Weirdness & Mutations

You are immune to sickness and miasma.
Your stone body is resilient. (AC +8)
You are immune to poison.
You resist negative energy. (rN+)
You are resistant to electric shocks. (rElec)
You are resistant to unholy torment.
You are immune to petrification.


Message History

The wolf bites you but does no damage. The wolf bites you. The wolf bites you!
The bullfrog misses you. The wolf bites you but does no damage.
The wolf attacks as you move away! The wolf barely misses you.
The wolf attacks as you move away! The wolf barely misses you.
The bullfrog hits you. The wolf bites you.
* * * LOW HITPOINT WARNING * * *
The bullfrog hits you but does no damage.
The bullfrog attacks as you move away! The bullfrog barely misses you.
You no longer feel sluggish.
The wolf closely misses you. x2
You fade into invisibility!
The bullfrog hits you.
* * * LOW HITPOINT WARNING * * *
The wolf bites you.
* * * LOW HITPOINT WARNING * * *
The wolf closely misses you. The wolf attacks as you move away!
The wolf barely misses you. The wolf misses you. The wolf barely misses you.
Your extra speed is starting to run out.
The bullfrog snags a nearby baby bat with its tongue.
The wolf bites the plant!
The plant begins to die.
The wolf bites you.
* * * LOW HITPOINT WARNING * * *
The wolf bites the plant!
The wolf attacks as you move away! The wolf bites you.
* * * LOW HITPOINT WARNING * * *
You feel as though your hastened speed will last longer.
The wolf bites you but does no damage. The wolf attacks as you move away!
The wolf bites you but does no damage.
The bullfrog hits something!
The wolf attacks as you move away! The wolf completely misses you.
The bullfrog hits something.
The wolf bites you.
* * * LOW HITPOINT WARNING * * *
The wolf attacks as you move away! The wolf bites you.
* * * LOW HITPOINT WARNING * * *
The wolf attacks as you move away! The wolf completely misses you.
There is a stone staircase leading up here.
The wolf bites you!
You die...

.# ..... #!.......#.P ...
....... #.##.#...P
####.......# # #.#......#
..#####.......###
l.#.......@..#..#.##
..........hh#........##
#.#.P......#...##..###.§§#
...................# #P§§##
........#..........####§§§##
.....# #.........#...#§§§§##
#....#####.....F....#..§§§.P§#
.....#.........######P..§....#
Y....#...#..P#Y..# #....b.YF.#


You could see 2 wolves and a bullfrog (unable to see you).

Vanquished Creatures
  Josephine (D:10)
  A hydra (Lair:2)
  2 death yaks (Lair:2)
  A two-headed ogre (D:10)
  Pikel (D:7)
  An elephant (Lair:3)
  A black mamba (Lair:1)
  2 cane toads (Lair:1)
  An unseen horror (D:11)
  A rime drake (D:11)
  4 unseen horror zombies (D:9)
  A komodo dragon (Lair:1)
  2 trolls (D:10)
  3 blink frogs (Lair:1)
  A shadow (D:10)
  3 wraiths (D:10)
  3 basilisks
  6 yaks (D:9)
  3 steam dragons
  3 nagas (Lair:2)
  Duvessa (D:6)
  8 water moccasins
  An orc warrior (D:10)
  7 ice beasts
  A black bear (D:5)
  3 centaurs
  3 wolves
  A lemure (D:7)
  A phantom (D:5)
  8 bullfrogs
  A gnoll sergeant (D:9)
  A scorpion (D:7)
  2 necrophages (D:9)
  8 wights
  Dowan (D:6)
  13 killer bees
  7 howler monkeys
  2 centaur zombies (D:9)
  A quasit (D:7)
  2 gnoll boudas
  6 hounds
  5 orc priests
  A human zombie (D:9)
  Ijyb (D:3)
  4 iguanas
  A sleepcap (D:5)
  6 orc wizards
  4 hell rats (Lair:2)
  2 mummies (D:9)
  A howler monkey zombie (D:9)
  15 gnolls
  5 adders
  2 white imps
  2 ufetubi (D:7)
  3 worms (D:3)
  2 dart slugs
  41 orcs
  5 ball pythons
  2 endoplasms
  5 giant cockroaches
  3 goblins
  5 hobgoblins
  4 jackals (D:3)
  5 quokkas
  6 bats
  A frilled lizard (D:1)
  A goblin skeleton (D:7)
  A goblin zombie (D:7)
  3 hobgoblin zombies (D:7)
  7 kobolds
  A kobold skeleton (D:7)
  2 kobold zombies (D:7)
  An orc zombie (D:7)
  5 rats
  A butterfly (Lair:2)
272 creatures vanquished.

Notes
Turn   | Place    | Note
-------+----------+-------------------------------------------
     0 | D:1      | ders the Gargoyle Earth Elementalist began the quest for
                  | the Orb.
     0 | D:1      | Reached XP level 1. HP: 10/10 MP: 3/3
     4 | D:1      | Noticed a death yak
   178 | D:1      | Reached skill level 1 in Conjurations
   178 | D:1      | Reached XP level 2. HP: 10/15 MP: 0/5
   575 | D:1      | Noticed a four-headed hydra
   835 | D:2      | Reached XP level 3. HP: 19/19 MP: 3/6
   842 | D:2      | Reached skill level 2 in Conjurations
  1117 | D:2      | Found Ocotur's Armour Shoppe.
  1373 | D:2      | Reached XP level 4. HP: 24/24 MP: 3/7
  1517 | D:2      | Found a sparkling altar of Nemelex Xobeh.
  1876 | D:3      | Identified a scroll of acquirement
  1876 | D:3      | Acquired a staff of earth
  1955 | D:3      | Reached skill level 3 in Conjurations
  2011 | D:3      | Found a faded altar of an unknown god.
  2239 | D:3      | Found a glowing drain.
  2243 | Sewer    | Entered a sewer
  2393 | Sewer    | Learned a level 3 spell: Stone Arrow
  2420 | Sewer    | Noticed a water moccasin
  2423 | Sewer    | Killed a water moccasin
  2424 | Sewer    | Reached skill level 4 in Conjurations
  2424 | Sewer    | Reached XP level 5. HP: 22/28 MP: 2/9
  2630 | D:3      | Found a broken altar of Ashenzari.
  2630 | D:3      | Found a burning altar of Makhleb.
  2665 | D:3      | Noticed Ijyb
  2677 | D:3      | Killed Ijyb
  2678 | D:3      | Reached skill level 5 in Earth Magic
  2678 | D:3      | Reached XP level 6. HP: 14/32 MP: 3/10
  3225 | D:3      | Found a blossoming altar of Fedhas.
  3499 | D:4      | Acquired the +0 helmet "Sassiwna" {+Blink Str+6 Int+3
                  | Dex-4}
  3523 | D:4      | Found a stormy altar of Qazlal.
  3532 | D:4      | Found a basalt altar of Yredelemnul.
  4119 | D:4      | Reached skill level 5 in Conjurations
  4122 | D:4      | Reached skill level 1 in Evocations
  4122 | D:4      | Reached XP level 7. HP: 36/36 MP: 7/12
  4461 | D:5      | Entered Level 5 of the Dungeon
  4668 | D:5      | Found a runed translucent door.
  4880 | D:5      | Reached skill level 6 in Conjurations
  5192 | D:5      | Reached XP level 8. HP: 41/41 MP: 10/14
  5386 | D:5      | Noticed Smol's ghost (novice OpFi)
  5386 | D:5      | Noticed a yak
  5660 | D:6      | Reached skill level 7 in Conjurations
  5812 | D:6      | Noticed Duvessa
  5816 | D:6      | Killed Duvessa
  5816 | D:6      | Noticed Dowan
  5825 | D:6      | Killed Dowan
  6369 | D:7      | Found Afeyqas's Magic Scroll Boutique.
  6530 | D:7      | Reached skill level 5 in Spellcasting
  6530 | D:7      | Reached XP level 9. HP: 45/45 MP: 9/16
  6532 | D:7      | Reached skill level 8 in Conjurations
  6880 | D:7      | Found a staircase to the Ecumenical Temple.
  6895 | Temple   | Entered the Ecumenical Temple
  6981 | Temple   | Became a worshipper of Vehumet
  7055 | D:7      | Noticed Pikel
  7061 | D:7      | Killed Pikel
  7261 | D:7      | Found a glowing golden altar of the Shining One.
  7441 | D:7      | Found a white marble altar of Elyvilon.
  7556 | D:7      | Reached skill level 9 in Conjurations
  8144 | D:8      | Reached * piety under Vehumet
  8144 | D:8      | Offered knowledge of Magic Dart by Vehumet.
  8244 | D:8      | Reached XP level 10. HP: 28/50 MP: 3/19
  9191 | D:9      | Reached skill level 10 in Conjurations
  9191 | D:9      | Reached skill level 5 in Evocations
 10019 | D:9      | Reached skill level 11 in Conjurations
 10159 | D:9      | Found an ancient bone altar of Kikubaaqudgha.
 10162 | D:9      | Offered knowledge of Static Discharge by Vehumet.
 10217 | D:9      | Learned a level 3 spell: Swiftness
 10221 | D:9      | Learned a level 3 spell: Hailstorm
 10276 | D:9      | Reached ** piety under Vehumet
 10921 | D:9      | Reached XP level 11. HP: 42/54 MP: 0/21
 11108 | D:9      | Found Doruvvar's Antique Armour Shoppe.
 11244 | D:10     | Entered Level 10 of the Dungeon
 11656 | D:10     | Noticed a two-headed ogre
 11660 | D:10     | Reached skill level 10 in Earth Magic
 11662 | D:10     | Killed a two-headed ogre
 11878 | D:10     | Noticed Josephine
 11888 | D:10     | Killed Josephine
 11889 | D:10     | Reached skill level 12 in Conjurations
 12070 | D:10     | Found a sparkling altar of Nemelex Xobeh.
 12723 | D:11     | Found a portal to a secret trove of treasure.
 12739 | D:11     | Found a staircase to the Lair.
 13071 | Lair:1   | Entered Level 1 of the Lair of Beasts
 13597 | Lair:1   | Reached skill level 13 in Conjurations
 14179 | Lair:2   | Offered knowledge of Dazzling Flash by Vehumet.
 14293 | Lair:2   | Noticed a four-headed hydra
 14300 | Lair:2   | Killed a four-headed hydra
 14301 | Lair:2   | Reached XP level 12. HP: 59/59 MP: 6/24
 14591 | Lair:2   | Noticed a death yak
 14592 | Lair:2   | Noticed a death yak
 14595 | Lair:2   | Noticed a death yak
 14599 | Lair:2   | Noticed a death yak
 14662 | Lair:2   | Found a runed translucent gate.
 14663 | Lair:2   | Found a runed translucent gate.
 14663 | Lair:2   | Found a runed translucent gate.
 14664 | Lair:2   | Noticed cforsyth's ghost (adept OgFE)
 14664 | Lair:2   | Noticed an 11-headed hydra
 14889 | Lair:2   | Found a staircase to the Snake Pit.
 15096 | Lair:2   | Noticed a death yak
 15227 | Lair:2   | Killed a death yak
 15248 | Lair:2   | Killed a death yak
 15401 | Lair:3   | Found a staircase to the Shoals.
 15411 | Lair:3   | Noticed a four-headed hydra
 15609 | Lair:3   | Noticed an eight-headed hydra
 15610 | Lair:3   | HP: 1/59 [oklob plant/splash of acid (13)]
 15631 | Lair:3   | Slain by a wolf

Illustrated notes

Levels and vault maps discovered:
D:1:      sevenhm_arrival_forest_fort_small_2, layout_basic, minmay_pentomino_s2
D:2:      layout_loops_cross, serial_shops, shop, basic_altar
D:3:      layout_rooms, general_overflow_altar,
          gammafunk_temple_overflow_elements, ebering_ecumenical_altar_hall,
          gup_sewer_entry_spiral, nicolae_hexahallways,
          corexii_item_surrounded_by_moat, uniq_ijyb
D:4:      layout_basic, yredelemnul_altar_generic, grunt_qazlal_sundering,
          eino_tiny_chamber, chequers_mini_garden
D:5:      layout_basic, ebering_ghost_inner_flame, minmay_misc_feat_pillars,
          glass_columns_b
D:6:      layout_loops_cross, uniq_duvessa
D:7:      layout_gridville, mainiacjoe_overflow_cross_hatched,
          nicolae_tso_besieged_by_evil, minmay_temple_entry_mini_moons,
          serial_shops, nicolae_take_the_stairs, grunt_ministairs_4, uniq_pikel
D:8:      layout_loops_ring, minmay_gold_behind_fungi, kennysheep_generic_room_7
D:9:      layout_loops_cross, lemuel_mausoleum_altar_kikubaaqudgha,
          serial_shops, kennysheep_little_box, lightli_orcish_oven
D:10:     layout_stronghold, nemelex_spade_bored_becter, st_stairs_7,
          chequers_serial_rivers_room_b, uniq_josephine
D:11:     layout_loops_ring, hellmonk_lair_entry_icy, orc_0_dummy,
          nicolae_trove_entry_crossroad, led_xom_imps
Temple:   nicolae_temple_god_jail
Lair:1:   layout_long_grid
Lair:2:   layout_cave_pods, nicolae_snake_entry_squirm,
          gammafunk_ghost_hydra_chop, lemuel_fruit_fields
Lair:3:   layout_misc_corridors, shoals_dummy_entry,
          hellmonk_guarded_unrand_vines, lemuel_fruit_fields

Skill      XL: |  1  2  3  4  5  6  7  8  9 10 11 |
---------------+----------------------------------+-----
Conjurations   | 1 2 4 5 6 7 9 11 13 | 13.7
Earth Magic    | 4 5 6 7 8 9 11 | 11.3
Spellcasting   | 3 4 5 6 7 8 |  8.5
Evocations     | 1 2 3 4 6 7 |  7.7
Dodging        | |  1.5
Stealth        | |  2.1
Transmutations | |  0.7

Action                     |  1- 3 |  4- 6 |  7- 9 | 10-12 || total
---------------------------+-------+-------+-------+-------++-------
  Melee: Staff             |       |     8 |     2 |     4 ||    14
         Punch             |       |     1 |       |       ||     1
   Cast: Sandblast         |    39 |    62 |    66 |    56 ||   223
         Stone Arrow       |       |    16 |    64 |   207 ||   287
         Hailstorm         |       |       |       |     8 ||     8
         Swiftness         |       |       |       |     5 ||     5
  Evoke: Wand              |       |       |       |     3 ||     3
    Use: Scroll            |       |    10 |     2 |    15 ||    27
         Potion            |       |     1 |       |    12 ||    13
 Armour: Robe              |     3 |    16 |    31 |   134 ||   184
  Dodge: Dodged            |    10 |    13 |    42 |   162 ||   227

Table legend: (Time is in decaauts)
 A = Elapsed time spent in this place.
 B = Non-inter-level travel time spent in this place.
 C = Inter-level travel time spent in this place.
 D = Time resting spent in this place.
 E = Time spent auto-exploring this place.
 F = Levels seen in this place.
 G = Mean time per level.
                   A        B        C        D        E       F      G
               +--------+--------+--------+--------+--------+-----+--------+
         Total |  15786 |  15181 |    605 |   2585 |  11037 |  16 |  986.6 |
       Dungeon |  12811 |  12375 |    436 |   1760 |   9382 |  11 | 1164.6 |
        Temple |     95 |     70 |     25 |      0 |     61 |   1 |   95.0 |
          Lair |   2548 |   2405 |    143 |    618 |   1502 |   3 |  849.3 |
         Sewer |    330 |    330 |      0 |    207 |     92 |   1 |  330.0 |
               +--------+--------+--------+--------+--------+-----+--------+

Top non-repeatable levels by time:
     D:9: 2072 daAuts
     D:7: 1493 daAuts
    D:10: 1475 daAuts
  Lair:2: 1440 daAuts
     D:4: 1326 daAuts
     D:8: 1273 daAuts
     D:3: 1118 daAuts
     D:1: 1093 daAuts
  Lair:1: 1046 daAuts
     D:6: 936 daAuts
     D:5: 871 daAuts
     D:2: 779 daAuts
    D:11: 370 daAuts
   Sewer: 330 daAuts
  Temple: 95 daAuts
